 Dungeon Crawl Stone Soup version bcrawl-1.12-8-g964540c432 (webtiles) character file.

Game seed: 15083973292515683332

669 MisterOstroum the Covert (level 7, -5/55 HPs)
             Began as a Demonspawn Archaeologist on June 3, 2019.
             Was a Follower of Dithmenos.
             Killed by divine providence
             ... invoked by an orc priest
              (11 damage)
             ... on level 3 of the Dungeon.
             The game lasted 00:12:32 (5737 turns).

MisterOstroum the Covert (Demonspawn Archaeologist) Turns: 5737, Time: 00:12:33

Health: -5/55      AC: 11    Str: 12    XL:     7   Next: 32%
Magic:  0/7        EV: 13    Int: 15    God:    Dithmenos [*.....]
Gold:   169        SH:  0    Dex: 13    Spells: 6/6 levels left

rFire    . . .     SeeInvis +   a - +0 rapier
rCold    . . .     Gourm    .   (no shield)
rNeg     . . .     Faith    .   o - +1 robe
rPois    .         Spirit   +   i - +1 hat
rElec    .         Reflect  .   f - +2 cloak of the Thief {+Fog Slay-2 SInv Stlth+}
rCorr    .         Harm     .   d - +1 pair of gloves
MR       .....                  c - +1 pair of boots
Stlth    ++++++....             (no amulet)
HPRegen  0.18/turn              (no ring)
MPRegen  0.10/turn              (no ring)

@: wreathed by umbra
A: claws 1, magic shield, rot immunity
a: Renounce Religion, Evoke Fog


You were on level 3 of the Dungeon.
You worshipped Dithmenos.
Dithmenos was aware of your devotion.
You were hungry.

You visited 1 branch of the dungeon, and saw 4 of its levels.

You collected 169 gold pieces.

Inventory:

Hand Weapons
 a - a +0 rapier (weapon)
 b - a +0 hunting sling
 g - a +2 shortbow of freezing
Missiles
 l - 1460 stones (quivered)
 s - 121 arrows
 x - 189 sling bullets
Armour
 c - a +1 pair of boots (worn)
 d - a +1 pair of gloves (worn)
 f - the +2 cloak of the Thief (worn) {+Fog Slay-2 SInv Stlth+}

   It affects your accuracy and damage with ranged weapons and melee attacks
   (-2).
   It lets you see invisible.
   It makes you more stealthy.
 i - a +1 hat (worn)
 o - a +1 robe (worn)
 v - a +0 helmet
Wands
 y - a wand of iceblast (9)
Scrolls
 h - a scroll of fear {unknown}
 j - 2 scrolls of immolation {unknown}
 k - 3 scrolls of identify {unknown}
 m - 2 scrolls of blinking {unknown}
 n - 2 scrolls of teleportation {unknown}
 t - 2 scrolls of amnesia {unknown}
 u - 2 scrolls of enchant weapon {unknown}
 w - 2 scrolls of remove curse {unknown}
Potions
 p - 2 potions of mutation {unknown}
 q - 2 potions of might {unknown}
 r - 3 potions of curing {unknown}
 z - 2 potions of berserk rage {unknown}
 B - a potion of magic {unknown}
 C - a potion of resistance {unknown}
Comestibles
 e - 8 rations {!d}


   Skills:
 + Level 4.7 Fighting
 + Level 3.0 Short Blades
 - Level 2.6 Dodging
 - Level 8.0 Stealth


You had 6 spell levels left.
You didn't know any spells.
Your spell library was empty.

Dungeon Overview and Level Annotations

Branches:
Dungeon (4/12)
 Temple: D:4-7

Altars:
Dithmenos
Elyvilon
The Shining One

Annotations:
D:4 Grinder


Innate Abilities, Weirdness & Mutations

You have sharp fingernails.
When hurt, damage is shared between your health and your magic reserves.
You are immune to rotting.


Message History

There is a stone staircase leading down, spattered with blood here.
You start resting.
HP restored.
You climb downwards.
Level annotation: Grinder
There is a stone staircase leading up here.
Unknown command.
Found a club.
An orc and an orc priest come into view.
Wield which item (- for none, * to show all)? (? for menu, Esc to quit)
Okay, then.
Wield which item (- for none, * to show all)? (? for menu, Esc to quit)
Your +2 shortbow of freezing is covered in frost.
g - a +2 shortbow of freezing (weapon)
A crimson imp comes into view.
Firing (i - inventory. (/) - cycle)
s - 126 arrows (quivered)
Press: ? - help, Shift-Dir - straight line, f - crimson imp
Aim: a crimson imp (hasn't noticed you)
You shoot an arrow.
The arrow completely misses the crimson imp.
The crimson imp shouts!
You hear a shout! x2
An orc priest comes into view. It is wielding a +0 mace.
Firing (i - inventory. (/) - cycle)
s - 125 arrows (quivered)
Press: ? - help, Shift-Dir - straight line, f/p - crimson imp
Aim: a crimson imp You shoot an arrow.
The arrow closely misses the crimson imp.
The arrow hits the orc.
The arrow freezes the orc.
You kill the orc!
Dithmenos accepts your kill.
Firing (i - inventory. (/) - cycle)
s - 124 arrows (quivered)
Press: ? - help, Shift-Dir - straight line, f/p - crimson imp
Aim: a crimson imp You shoot an arrow.
The arrow completely misses the crimson imp.
The arrow hits the orc priest.
The arrow freezes the orc priest.
The orc priest is heavily wounded.
The crimson imp barely misses you.
The orc priest calls down the wrath of Beogh upon you.
Beogh smites you!
An adder skeleton comes into view.
The crimson imp blinks!
A quokka comes into view.
There is a stone staircase leading up here.
Firing (i - inventory. (/) - cycle)
s - 123 arrows (quivered)
Press: ? - help, Shift-Dir - straight line, f - quokka
Aim: a quokka (hasn't noticed you)
You shoot an arrow. The arrow barely misses the quokka.
The arrow barely misses the orc priest.
Firing (i - inventory. (/) - cycle)
s - 122 arrows (quivered)
Press: ? - help, Shift-Dir - straight line, f/p - quokka
Aim: a quokka (umbra)
You shoot an arrow. The arrow hits the quokka!
The arrow freezes the quokka.
You kill the quokka!
Dithmenos accepts your kill. The orc priest hits you.
The adder skeleton bites you but does no damage.
The orc priest misses you.
You climb upwards.
There is a stone staircase leading down, spattered with blood here.
Wield which item (- for none, * to show all)? (? for menu, Esc to quit)
Your +2 shortbow of freezing stops glowing.
a - a +0 rapier (weapon)
You barely miss the orc priest. The orc priest barely misses you.
You hit the orc priest.
The orc priest is lightly wounded.
The orc priest hits you but does no damage.
You closely miss the orc priest.
The orc priest is lightly wounded.
The orc priest calls down the wrath of Beogh upon you.
Pain shoots through your body!
You barely miss the orc priest.
The orc priest is lightly wounded.
The orc priest barely misses you.
You barely miss the orc priest.
The orc priest is lightly wounded.
The orc priest invokes the aid of Beogh against you.
Beogh smites you!
You hit the orc priest but do no damage.
The orc priest is lightly wounded.
You hit the orc priest but do no damage.
The orc priest is lightly wounded.
The orc priest hits you but does no damage.
You hit the orc priest but do no damage.
The orc priest is lightly wounded.
The orc priest mumbles some strange prayers to Beogh against you.
Pain shoots through your body!
You barely miss the orc priest.
The orc priest is lightly wounded.
The orc priest calls down the wrath of Beogh upon you.
Beogh smites you!
* * * LOW HITPOINT WARNING * * *
You hit the orc priest but do no damage.
The orc priest is lightly wounded.
The orc priest closely misses you.
You closely miss the orc priest.
The orc priest is lightly wounded.
The orc priest mumbles some strange prayers to Beogh against you.
Beogh smites you!
You die...

............# #..#
.#####.####.# #..# .#
##.# #.# #..# .# #..# #.#
#..# .# #.## #.# #..# .#
##.## #.# #..# .#
#...####.# #..#
.###.....##.####### #..#
.#..[.........).@[####..#
.[..........#####o##....#
##........#######.##.##.#
####...)................#
..........#######.##.####
#######.### #.##.# #.####
#.##.# #####....## #[##.#
#.........# #.##.#


You could see an orc priest.

Vanquished Creatures
  Edmund (D:4)
  A centaur (D:3)
  A bullfrog (D:3)
  2 jellies (D:2)
  An orc priest (D:4)
  A bullfrog skeleton (D:4)
  Natasha (thrice) (D:3)
  A worker ant (D:4)
  Robin (D:3)
  An adder (D:3)
  7 oozes (D:2)
  An adder zombie (D:3)
  3 worms (D:2)
  6 dart slugs
  6 leopard geckos
  7 orcs
  3 giant cockroaches
  6 hobgoblins
  10 jackals
  21 kobolds
  3 quokkas
  A ball python (D:2)
  9 bats
  4 frilled lizards
  13 goblins
  7 rats
120 creatures vanquished.

Vanquished Creatures (others)
  A giant cockroach (D:1)
  A fungus (D:2)
  7 toadstools (D:2)
9 creatures vanquished.

Grand Total: 129 creatures vanquished

Notes
Turn   | Place    | Note
-------+----------+-------------------------------------------
     0 | D:1      | MisterOstroum the Demonspawn Archaeologist began the quest
                  | for the Orb.
     0 | D:1      | Reached XP level 1. HP: 15/15 MP: 1/1
    85 | D:1      | Gained mutation: You are immune to rotting. [demonic
                  | ancestry]
    85 | D:1      | Reached XP level 2. HP: 21/22 MP: 2/2
   538 | D:1      | Reached XP level 3. HP: 23/29 MP: 3/3
  1587 | D:2      | Reached skill level 4 in Stealth
  2001 | D:2      | Found a glowing golden altar of the Shining One.
  2018 | D:2      | Gained mutation: You have sharp fingernails. [demonic
                  | ancestry]
  2018 | D:2      | Reached XP level 4. HP: 35/35 MP: 4/4
  2037 | D:2      | Found a shadowy altar of Dithmenos.
  2052 | D:2      | Became a worshipper of Dithmenos the Shadowed
  2389 | D:2      | Reached skill level 5 in Stealth
  2461 | D:2      | Reached skill level 6 in Stealth
  2721 | D:2      | Reached XP level 5. HP: 36/41 MP: 5/5
  3121 | D:2      | Reached skill level 7 in Stealth
  3839 | D:3      | Noticed a centaur
  3846 | D:3      | Killed a centaur
  3846 | D:3      | Gained mutation: When hurt, damage is shared between your
                  | health and your magic reserves. [demonic ancestry]
  3846 | D:3      | Reached XP level 6. HP: 26/47 MP: 6/6
  4068 | D:3      | Reached * piety under Dithmenos
  4068 | D:3      | Reached skill level 8 in Stealth
  4083 | D:3      | Noticed Natasha
  4090 | D:3      | Killed Natasha
  4189 | D:3      | Noticed Robin
  4208 | D:3      | Noticed Natasha
  4234 | D:3      | Killed Natasha
  4234 | D:3      | Reached skill level 1 in Short Blades
  4239 | D:3      | Killed Robin
  4315 | D:3      | Noticed Natasha
  4331 | D:3      | Killed Natasha
  4739 | D:3      | Found a white marble altar of Elyvilon.
  5372 | D:4      | Reached XP level 7. HP: 40/54 MP: 5/7
  5466 | D:4      | Noticed Edmund
  5503 | D:4      | Killed Edmund
  5503 | D:4      | Noticed Grinder
  5737 | D:3      | Killed from afar by an orc priest

Skill      XL: |  1  2  3  4  5  6  7 |
---------------+----------------------+-----
Fighting       | 2 3 4 |  4.7
Stealth        | 4 6 7 8 |  8.0
Short Blades   | 2 3 |  3.0
Dodging        | |  2.6

Action                   |  1- 3 |  4- 6 |  7- 9 || total
-------------------------+-------+-------+-------++-------
Melee: Spear             |   236 |   110 |       ||   346
       Rapier            |       |   172 |    43 ||   215
 Fire: Hunting sling     |       |    62 |       ||    62
       Shortbow          |       |    13 |     5 ||    18
Throw: Stone             |    80 |    34 |       ||   114
Evoke: Wand              |       |       |     2 ||     2
 Stab: Sleeping          |     3 |     5 |     2 ||    10
       Distracted        |     1 |       |       ||     1
  Eat: Chunk             |     4 |     7 |     1 ||    12
       Ration            |       |     1 |       ||     1
Armor: Robe              |    95 |    73 |     8 ||   176
Dodge: Dodged            |   149 |   218 |    21 ||   388
